 Dungeon Crawl Stone Soup version 0.23.2-40-g277498a (webtiles) character file.

Game seed: 1694466371162262435

3103 Fang the Fighter (level 9, -3/88 HPs)
             Began as a Gargoyle Berserker on Oct 16, 2019.
             Was a High Priest of Trog.
             Slain by an orc warrior
             ... wielding the +4 great sword "Xonoeleb" {venom, Int+2 Stlth+}
              (14 damage)
             ... on level 6 of the Dungeon.
             The game lasted 00:09:07 (5905 turns).

Fang the Fighter (Gargoyle Berserker)               Turns: 5905, Time: 00:09:08

Health: -3/88      AC: 19    Str: 32    XL:     9   Next: 90%
Magic:  3/3        EV: 10    Int:  9    God:    Trog [*****.]
Gold:   558        SH:  0    Dex:  9    Spells: 8/8 levels left

rFire    . . .     SeeInvis .   C - +2 battleaxe (antimagic)
rCold    . . .     Gourm    .   (shield currently unavailable)
rNeg     + . .     Faith    .   b - +0 plate armour
rPois    ∞         Spirit   .   (no helmet)
rElec    +         Reflect  .   (no cloak)
rCorr    .         Harm     .   (no gloves)
MR       .....                  (no boots)
Stlth    ..........             r - amulet of the acrobat
HPRegen  0.24/turn              F - +4 ring of strength
MPRegen  0.08/turn              (no ring)

@: berserking (expiring), very quick
A: negative energy resistance 1, electricity resistance, unbreathing,
petrification resistance, rot immunity, AC +6
a: Berserk, Trog's Hand, Brothers in Arms, Renounce Religion


You were on level 6 of the Dungeon.
You worshipped Trog.
Trog was extremely pleased with you.
You were very hungry.

You visited 2 branches of the dungeon, and saw 8 of its levels.
You also visited: Sewer.

You collected 558 gold pieces.

Inventory:

Hand Weapons
 a - a +0 war axe
 m - the +3 hand axe "Ucsiz" {venom, MR++}
   (You found it on level 4 of the Dungeon)

   It poisons the flesh of those it strikes.
   It affects your resistance to hostile enchantments.
 C - a +2 antimagic battleaxe (weapon)
Armour
 b - a +0 plate armour (worn)
Jewellery
 r - an amulet of the acrobat (around neck)
 F - a +4 ring of strength (left hand)
 G - a +3 ring of protection {unknown}
Wands
 j - a wand of digging (2)
 p - a wand of iceblast (10)
 u - a wand of flame (33)
 B - a wand of enslavement (10)
Scrolls
 e - 8 scrolls of fog {unknown}
 g - 4 scrolls of identify {unknown}
 h - a scroll of fear {unknown}
 i - 4 scrolls of blinking {unknown}
 n - 2 scrolls of noise {unknown}
 o - a scroll of remove curse {unknown}
 q - a scroll of magic mapping {unknown}
 v - a scroll of teleportation {unknown}
 y - a scroll of enchant armour {unknown}
 H - a scroll of enchant weapon {unknown}
Potions
 d - 2 potions of curing {unknown}
 f - a potion of might {unknown}
 k - 2 potions of brilliance {unknown}
 l - a potion of lignification {unknown}
 s - 2 potions of magic {unknown}
 t - a potion of flight {unknown}
 x - 3 potions of mutation {unknown}
 z - 2 potions of heal wounds {unknown}
 A - a potion of haste
 D - a potion of berserk rage {unknown}
 E - a potion of ambrosia {unknown}
Comestibles
 c - 12 rations


   Skills:
 + Level 8.1 Fighting
 + Level 6.7 Axes
 + Level 7.8 Armour
 + Level 5.8 Dodging


You had 8 spell levels left.
You didn't know any spells.
Your spell library was empty.

Dungeon Overview and Level Annotations

Branches:
Dungeon (7/15)             Temple (1/1) D:5

Altars:
Nemelex Xobeh
Qazlal
Vehumet
Wu Jian
Yredelemnul
Zin
Beogh

Shops:
D:4 [


Innate Abilities, Weirdness & Mutations

You are resistant to torment.
Your stone body is resilient. (AC +6)
You are immune to poison.
You resist negative energy. (rN+)
You are resistant to electric shocks. (rElec)
You can survive without breathing.
You are immune to petrification.
You are immune to rotting.


Message History

You hit the orc warrior.
The orc warrior is lightly wounded.
The orc barely misses you.
The orc warrior hits you with the +4 great sword "Xonoeleb" {venom, Int+2 Stlth+}!
* * * LOW HITPOINT WARNING * * *
Your plate armour prevents you from hitting the orc warrior.
The orc warrior is lightly wounded.
The orc hits you but does no damage. The orc warrior closely misses you.
You hit the orc warrior.
The orc warrior is moderately wounded.
The orc hits you but does no damage.
You closely miss the orc warrior.
The orc warrior is moderately wounded.
The orc warrior hits you with the +4 great sword "Xonoeleb" {venom, Int+2 Stlth+}!
* * * LOW HITPOINT WARNING * * *
The orc closely misses you.
You slash the orc warrior!
The orc warrior is severely wounded.
The orc warrior hits you with the +4 great sword "Xonoeleb" {venom, Int+2 Stlth+}!
You die...

#8####### #.#.....8 ####
#.#..##.. ...#
###########.#..#8.. ...#
#........##.#..##(. ...#
#........##.#.#....#########
...###........##.'.#....#........
....##........#.o[.#.8._#.....#..
....##..........@).#...[#.....#.#
....##..........)#o#.o.)#........
.................#..##..#.....#.#
##....######.....#..#8..#.....#.#
##....# #.....#..##..#.....#.#
)#....# #.....#.....8####.##.#
.##.########....8######### #.##.#
...................>.....# #..)..
......................##.######..


You could see an orc warrior and an orc.

Vanquished Creatures
  The ghost of virulentus the Skirmisher, a novice MiMo of Okawaru (D:6)
  Sigmund (D:3)
  A hungry ghost (D:7)
  Duvessa (D:7)
  A sky beast (D:7)
  An ice beast (D:7)
  2 orc warriors (D:7)
  A phantom (D:6)
  An ogre (D:7)
  A centaur (D:7)
  A crocodile (D:7)
  4 bullfrogs
  Dowan (D:7)
  A scorpion (D:5)
  An oklob sapling (D:5)
  A crimson imp (D:6)
  4 howler monkeys
  4 orc priests
  A gnoll shaman (D:3)
  A hound (D:5)
  A jelly (D:7)
  2 orc wizards
  Terence (D:3)
  3 iguanas
  Natasha (thrice) (D:3)
  2 worker ants
  A worker ant zombie (D:5)
  16 gnolls
  2 howler monkey skeletons
  13 adders
  4 shadow imps
  10 oozes (Sewer)
  An adder zombie (D:5)
  5 worms
  A dart slug (D:1)
  10 leopard geckos
  33 orcs
  11 bats
  22 giant cockroaches
  6 goblins
  7 hobgoblins
  16 jackals
  11 kobolds
  3 quokkas
  6 ball pythons
  16 frilled lizards
  A quokka skeleton (D:7)
  9 rats
  2 plants (D:5)
248 creatures vanquished.

Notes
Turn   | Place    | Note
-------+----------+-------------------------------------------
     0 | D:1      | Fang the Gargoyle Berserker began the quest for the Orb.
     0 | D:1      | Reached XP level 1. HP: 14/14 MP: 1/1
    66 | D:1      | Reached XP level 2. HP: 14/19 MP: 2/2
   179 | D:1      | Reached XP level 3. HP: 20/23 MP: 3/3
   511 | D:1      | Reached ** piety under Trog
   842 | D:2      | Reached XP level 4. HP: 29/29 MP: 4/4
  1270 | D:2      | Reached skill level 4 in Fighting
  1384 | D:3      | Noticed Natasha
  1393 | D:3      | Killed Natasha
  1393 | D:3      | Reached XP level 5. HP: 19/33 MP: 5/5
  1683 | D:3      | Noticed Sigmund
  1693 | D:3      | Killed Sigmund
  1693 | D:3      | Reached XP level 6. HP: 16/39 MP: 6/6
  2070 | D:3      | Noticed Natasha
  2078 | D:3      | Killed Natasha
  2112 | D:3      | Reached *** piety under Trog
  2123 | D:3      | Found a sparkling altar of Nemelex Xobeh.
  2210 | D:3      | Reached skill level 5 in Fighting
  2245 | D:3      | Noticed Terence
  2258 | D:3      | Killed Terence
  2258 | D:3      | Reached XP level 7. HP: 39/44 MP: 7/7
  2419 | D:3      | Noticed Natasha
  2437 | D:3      | Killed Natasha
  2911 | D:4      | Got a fine hand axe
  2912 | D:4      | Identified the +3 hand axe "Ucsiz" {venom, MR++} (You found
                  | it on level 4 of the Dungeon)
  2935 | D:4      | Noticed a +0 dagger
  2940 | D:4      | Found Orilol's Antique Armour Shoppe.
  2945 | D:4      | You fall through a shaft for 3 floors!
  2956 | D:7      | Reached skill level 5 in Armour
  2959 | D:7      | Reached **** piety under Trog
  2964 | D:7      | Reached XP level 8. HP: 51/51 MP: 8/8
  3090 | D:7      | Reached skill level 6 in Fighting
  3090 | D:7      | Reached skill level 5 in Axes
  3719 | D:7      | Noticed Duvessa
  3732 | D:7      | Killed Duvessa
  3751 | D:7      | Noticed Dowan
  3758 | D:7      | Killed Dowan
  3844 | D:7      | Reached XP level 9. HP: 56/56 MP: 9/9
  3864 | D:7      | Reached skill level 7 in Fighting
  3869 | D:7      | Found a radiant altar of Vehumet.
  4088 | D:6      | Reached skill level 5 in Dodging
  4188 | D:6      | Found a runed translucent gate.
  4189 | D:6      | Found a runed translucent gate.
  4190 | D:6      | Found a runed translucent gate.
  4192 | D:6      | Noticed virulentus's ghost (novice MiMo)
  4197 | D:6      | Identified the +4 great sword "Xonoeleb" {venom, Int+2
                  | Stlth+}
  4198 | D:6      | Found a roughly hewn altar of Beogh.
  4199 | D:6      | Found the +2 pair of boots of the Assassin {Detection Stab+
                  | Stlth++}
  4872 | D:5      | Entered Level 5 of the Dungeon
  4909 | D:5      | Found a glowing drain.
  4934 | Sewer    | Entered a sewer
  5053 | Sewer    | Reached ***** piety under Trog
  5234 | Sewer    | Received a gift from Trog
  5485 | D:5      | Found a staircase to the Ecumenical Temple.
  5539 | Temple   | Entered the Ecumenical Temple
  5900 | D:6      | Killed virulentus's ghost
  5900 | D:6      | Reached skill level 8 in Fighting
  5905 | D:6      | Slain by an orc warrior

Skill      XL: |  1  2  3  4  5  6  7  8  9 |
---------------+----------------------------+-----
Axes           | 3 4 5 6 |  6.7
Dodging        | 2 3 4 5 |  5.8
Armour         | 3 4 5 6 7 |  7.8
Fighting       | 4 5 6 8 |  8.1

Action                   |  1- 3 |  4- 6 |  7- 9 || total
-------------------------+-------+-------+-------++-------
Melee: Hand axe          |   105 |   152 |   365 ||   622
       War axe           |       |    32 |    73 ||   105
       Battleaxe         |       |       |    83 ||    83
Invok: Berserk           |     1 |     3 |     4 ||     8
       Trog's Hand       |       |     1 |     1 ||     2
 Stab: Sleeping          |       |     1 |       ||     1
  Eat: Chunk             |       |     9 |    15 ||    24
       Ration            |       |       |     1 ||     1
Armor: Animal skin       |    43 |    66 |    31 ||   140
       Chain mail        |       |       |    26 ||    26
       Plate armour      |       |       |   242 ||   242
Dodge: Dodged            |    75 |   141 |   309 ||   525
